 Dungeon Crawl Stone Soup version 0.31-a0-202-g547052bce9 (webtiles) character file.

Game seed: 10989604903765749075

57 qw the Shooter (level 3, -4/20 HPs)
             Began as a Deep Elf Hunter on June 26, 2023.
             Succumbed to an orc's poison
             ... on level 2 of the Dungeon.
             The game lasted 00:00:43 (1664 turns).

qw the Shooter (Deep Elf Hunter)                    Turns: 1664, Time: 00:00:43

Health: -4/20      AC:  7    Str:  7 (10) XL:     3   Next: 73%
Magic:  5/5        EV:  8    Int: 11 (13) God:
Gold:   165        SH:  0    Dex: 17 (18) Spells: 2/2 levels left

rFire   . . .        Y - +1 shortbow
rCold   . . .        (shield currently unavailable)
rNeg    . . .        b - +0 scale mail
rPois   .            d - +0 helmet
rElec   .            (no cloak)
rCorr   .            (no gloves)
SInv    .            (no boots)
Will    .....        (no amulet)
Stlth   +            (no ring)
HPRegen 0.23/turn    (no ring)
MPRegen 0.09/turn

%: no passive effects
@: lethally poisoned (-4 -> -22), about to teleport
A: no striking features
a: no special abilities


You were on level 2 of the Dungeon.
You visited 1 branch of the dungeon, and saw 3 of its levels.

You collected 165 gold pieces.


   Skills:
 - Level 1.5 Fighting
 + Level 7.2 Ranged Weapons
 - Level 2.4 Dodging
 - Level 1.2 Stealth


You had 2 spell levels left.
You didn't know any spells.
Your spell library was empty.

Inventory:

Hand Weapons
 Y - a +1 shortbow (weapon)
Armour
 b - a +0 scale mail (worn)
 d - a +0 helmet (worn)
Jewellery
 m - a ring of ice
Scrolls
 f - a scroll of identify
Potions
 a - a potion of heal wounds {unknown}
 e - a potion of brilliance {unknown}
 g - 2 potions of haste
 j - a potion of curing {unknown}
 k - a potion of attraction {unknown}

Dungeon Overview and Level Annotations

Branches:
Dungeon (3/15)

Altars:
Cheibriados
Qazlal


Message History

You finish putting on your +0 scale mail.
1656 ||| DROPPING +0 leather armour.
You drop a +0 leather armour.
Partly explored, can't reach some places.
1657 ||| DRINKING 2 lumpy orange potions.
It was a potion of degeneration.
There was something very wrong with that liquid.
You feel weakened.
You feel dopey.
You feel clumsy.
Partly explored, can't reach some places.
1658 ||| DROPPING potion of degeneration.
You drop a potion of degeneration.
Partly explored, can't reach some places.
(D) Dungeon
Where to? (* - list waypoints, Enter - D:3, ? - help)
What level of the Dungeon? (default 1, ? - help)
You climb downwards.
The hobgoblin hits you but does no damage.
The orc hits you with a +1 short sword of venom.
You are poisoned.
The orc hits you with a +1 short sword of venom.
You are more poisoned.
The hobgoblin hits you.
There is a stone staircase leading up here.
1661 ||| STAIRDANCE You feel very sick.
The hobgoblin closely misses you. The orc hits you but does no damage.
You are lethally poisoned!
You climb upwards.
You feel extremely sick.
There is a stone staircase leading down here.
Things that are here:
a potion of degeneration; a +0 leather armour You shoot an arrow.
The arrow barely misses the orc.
You feel very sick. The hobgoblin closely misses you.
The orc hits you with a +1 short sword of venom.
You are more poisoned.
1664 ||| READING scroll of teleportation.
As you read the scroll of teleportation, it crumbles to dust.
You feel strangely unstable.
You die...

#...# ########## #...#
##......... ####...#
###..########
#......######...##
#................###
#.........######...##
#.......####....##..#####
#......#####.............
#......o@g......####.....
#...########....# ######
#...# #....# # #...#
##.#.## # ###...##
#.#..### #......#
#.##...###### #......#
#.####......# #......#
#.# ######.# #......# #.#
#..


You could see an orc and a hobgoblin.

Vanquished Creatures
  An adder (D:3)
  A worm (D:2)
  A dart slug (D:3)
  An orc (D:3)
  4 ball pythons
  3 endoplasms
  3 giant cockroaches
  A goblin (D:1)
  3 hobgoblins
  3 jackals (D:1)
  3 quokkas
  4 bats
  4 frilled lizards
  2 kobolds
  6 rats
40 creatures vanquished.

Notes
Turn   | Place    | Note
-------+----------+-------------------------------------------
     0 | D:1      | qw the Deep Elf Hunter began the quest for the Orb.
     0 | D:1      | Reached XP level 1. HP: 12/12 MP: 3/3
     0 | D:1      | 0 ||| qw: Version: 0.3-a-22-g0ed2b0b
     0 | D:1      | 0 ||| qw: Game counter: 6254
     0 | D:1      | 0 ||| qw: Melee chars always use a shield: true
     0 | D:1      | 0 ||| qw: God list: Okawaru
     0 | D:1      | 0 ||| qw: Allow faded altars: false
     0 | D:1      | 0 ||| qw: Do Orc after clearing Dungeon:15 true
     0 | D:1      | 0 ||| qw: Do second Lair branch before Depths: true
     0 | D:1      | 0 ||| qw: Lair rune preference: random
     0 | D:1      | 0 ||| qw: Goals: Normal
     0 | D:1      | 0 ||| PLANNING D:1-11
   259 | D:1      | Reached XP level 2. HP: 16/16 MP: 4/4
   266 | D:1      | Reached skill level 6 in Ranged Weapons
   617 | D:1      | 617 ||| UPGRADING to +0 helmet.
   622 | D:1      | 622 ||| READING 2 scrolls labelled REVAASHREDGH.
   623 | D:1      | 623 ||| READING 2 scrolls labelled HIULOC LOUM.
   627 | D:1      | 627 ||| READING scroll labelled WAEFYJOPEDO.
   628 | D:1      | 628 ||| DRINKING 2 cyan potions.
   732 | D:1      | 732 ||| DROPPING scroll of revelation.
   733 | D:1      | 733 ||| DROPPING scroll of butterflies.
   734 | D:1      | 734 ||| DROPPING potion of berserk rage.
   745 | D:2      | Found a faded altar of an unknown god.
   910 | D:2      | Reached XP level 3. HP: 20/20 MP: 5/5
  1273 | D:2      | 1273 ||| READING scroll labelled CEUG XUSUOF.
  1274 | D:2      | 1274 ||| READING scroll labelled WIGORA AQOUN.
  1275 | D:2      | 1275 ||| READING 2 scrolls labelled ZUINYSINAKA.
  1276 | D:2      | 1276 ||| READING scroll labelled FOAKID LANA.
  1277 | D:2      | 1277 ||| READING scroll labelled YNAULOSCHOAGG.
  1278 | D:2      | 1278 ||| DRINKING 3 black potions.
  1328 | D:3      | Noticed an air elemental
  1330 | D:3      | Found a stormy altar of Qazlal.
  1440 | D:3      | Noticed a water elemental
  1443 | D:3      | Noticed an earth elemental
  1443 | D:3      | Noticed a fire elemental
  1538 | D:3      | Reached skill level 7 in Ranged Weapons
  1578 | D:3      | Found a snail-covered altar of Cheibriados.
  1590 | D:3      | 1590 ||| FLEEEEING.
  1591 | D:3      | 1591 ||| FLEEEEING.
  1592 | D:3      | 1592 ||| FLEEEEING.
  1593 | D:3      | 1593 ||| FLEEEEING.
  1594 | D:3      | 1594 ||| FLEEEEING.
  1595 | D:3      | 1595 ||| FLEEEEING.
  1596 | D:3      | 1596 ||| FLEEEEING.
  1597 | D:3      | 1597 ||| FLEEEEING.
  1598 | D:3      | 1598 ||| FLEEEEING.
  1599 | D:3      | 1599 ||| FLEEEEING.
  1600 | D:3      | 1600 ||| FLEEEEING.
  1601 | D:3      | 1601 ||| FLEEEEING.
  1602 | D:3      | 1602 ||| FLEEEEING.
  1603 | D:3      | 1603 ||| FLEEEEING.
  1604 | D:3      | 1604 ||| FLEEEEING.
  1605 | D:3      | 1605 ||| FLEEEEING.
  1606 | D:3      | 1606 ||| FLEEEEING.
  1607 | D:3      | 1607 ||| FLEEEEING.
  1608 | D:3      | 1608 ||| FLEEEEING.
  1609 | D:3      | 1609 ||| FLEEEEING.
  1610 | D:3      | 1610 ||| FLEEEEING.
  1611 | D:3      | 1611 ||| FLEEEEING.
  1612 | D:3      | 1612 ||| FLEEEEING.
  1613 | D:3      | 1613 ||| FLEEEEING.
  1614 | D:3      | 1614 ||| FLEEEEING.
  1615 | D:3      | 1615 ||| FLEEEEING.
  1616 | D:3      | 1616 ||| FLEEEEING.
  1617 | D:3      | 1617 ||| FLEEEEING.
  1618 | D:3      | 1618 ||| FLEEEEING.
  1619 | D:3      | 1619 ||| FLEEEEING.
  1620 | D:3      | 1620 ||| FLEEEEING.
  1621 | D:3      | 1621 ||| FLEEEEING.
  1622 | D:3      | 1622 ||| FLEEEEING.
  1623 | D:3      | 1623 ||| FLEEEEING.
  1624 | D:3      | 1624 ||| FLEEEEING.
  1625 | D:3      | 1625 ||| FLEEEEING.
  1626 | D:3      | 1626 ||| FLEEEEING.
  1627 | D:3      | 1627 ||| FLEEEEING.
  1628 | D:3      | 1628 ||| FLEEEEING.
  1629 | D:3      | 1629 ||| FLEEEEING.
  1630 | D:3      | 1630 ||| STAIRDANCE
  1646 | D:2      | 1646 ||| UPGRADING to +0 scale mail.
  1656 | D:2      | 1656 ||| DROPPING +0 leather armour.
  1657 | D:2      | 1657 ||| DRINKING 2 lumpy orange potions.
  1658 | D:2      | 1658 ||| DROPPING potion of degeneration.
  1661 | D:3      | 1661 ||| STAIRDANCE
  1663 | D:2      | HP: 4/20 [poisoned by an orc]
  1663 | D:2      | HP: 1/20 [orc/+1 short sword of venom (3)]
  1664 | D:2      | 1664 ||| READING scroll of teleportation.
  1664 | D:2      | Succumbed to an orc's poison

Levels and vault maps discovered:
D:1:      minmay_arrival_widening_spiral_narrow, layout_rooms,
          serial_bayou_pond_e
D:2:      layout_rooms, shapermc_ecumenical_altar_gd
D:3:      layout_loops_cross, mainiacjoe_overflow_small_starburst,
          nicolae_qazlal_style_of_elements

Skill      XL: |  1  2  3 |
---------------+----------+-----
Ranged Weapons | 6 7 |  7.2
Fighting       | |  1.5
Dodging        | |  2.4
Stealth        | |  1.2

Action                     || total
---------------------------++-------
   Fire: Shortbow          ||    96
    Use: Scroll            ||     9
         Potion            ||     3
 Armour: Leather armour    ||     5
         Scale mail        ||     2
  Dodge: Dodged            ||    10

Table legend:
 A = Non-vault XP
 B = Vault XP
 C = Vault XP percentage of total XP
 D = Non-vault monster count
 E = Vault monster count
 F = Vault count percentage of total count
                 A         B        C        D         E       F
            +---------+---------+-------+---------+---------+-------
      Total |      82 |       0 |   0.0 |      40 |       0 |   0.0
            +---------+---------+-------+---------+---------+-------
        D:1 |      22 |       0 |   0.0 |      13 |       0 |   0.0
        D:2 |      27 |       0 |   0.0 |      14 |       0 |   0.0
        D:3 |      33 |       0 |   0.0 |      13 |       0 |   0.0
            +---------+---------+-------+---------+---------+-------
